cohdb
Replays
Latest Replays
All Replays
Popular Replays
Top Player Replays
Match Explorer
How It Works
Community
CoH3 Stats
Reddit
Sign in to upload your games and track your stats! →
Sign in with Steam
Match 39069705
Unlisted
Match 39069705
Overview
Messages
Build Orders
End
Scout Squad
Construct Barracks
Riflemen Squad
Selects Armored Battlegroup
Selects Veteran Crews
Riflemen Squad
1⁄4-ton 4x4 Truck
Infantry Support Center
Construct Weapon Support Center
Construct Medical Station
M3 Armored Personnel Carrier
Riflemen Squad
Selects M31 Recovery Vehicle
M1918 Browning Automatic Rifles
Selects War Machine
M3 Armored Personnel Carrier
Engineer Squad
M3 Armored Personnel Carrier
M3 Armored Personnel Carrier
Selects Strength in Steel
Selects Seek and Destroy
Selects UNKNOWN (2160077)
Bazooka Squad
M31 Recovery Vehicle
STALKER4732
kit.ohume
Devochkin
Delta0032
Dsadow
NachoMz_HQ YT
0
0
Comments
sign in to comment!
No comments posted yet!